 Dungeon Crawl Stone Soup version 0.27.1-35-g4d5d836560 (webtiles) character file.

Game seed: 16889972132888407012

3085 Delamore the Slicer (level 9, -10/61 HPs)
             Began as an Octopode Brigand on June 10, 2022.
             Was an Initiate of Gozag.
             Mangled by a white ugly thing (31 damage)
             ... on level 7 of the Dungeon.
             The game lasted 00:07:36 (7956 turns).

Delamore the Slicer (Octopode Brigand)              Turns: 7956, Time: 00:07:36

Health: -10/61     AC:  8    Str: 10    XL:     9   Next: 89%
Magic:  9/9        EV: 15    Int: 31    God:    Gozag
Gold:   555        SH:  0    Dex: 17    Spells: 6/8 levels left

rFire    . . .     SeeInvis .   d - +1 short sword (protect)
rCold    . . .     Faith    .   (no shield)
rNeg     . . .     Spirit   .   (helmet restricted)
rPois    .         Reflect  .   (no amulet)
rElec    .         Harm     .   o - ring of resist corrosion
rCorr    +         Rampage  .   p - +6 ring of intelligence
Will     +....                  z - ring of willpower
Stlth    ++++......             C - +6 ring of intelligence
HPRegen  0.20/turn              D - +6 ring of intelligence
MPRegen  0.11/turn              (no ring)
                                (no ring)
                                (no ring)

@: under a protective aura
A: almost no armour, amphibious, 8 rings, camouflage 1, gelatinous body 1,
(nimble swimmer 1), tentacles
a: Renounce Religion, Potion Petition, Call Merchant, Bribe Branch


You were on level 7 of the Dungeon.
You worshipped Gozag.
Gozag was pleased with you.
You visited 1 branch of the dungeon, and saw 7 of its levels.

You collected 688 gold pieces.
You spent 88 gold pieces at shops.
You paid 45 gold pieces to Gozag.

Inventory:

Hand Weapons
 a - a +2 dagger
 d - a +1 short sword of protection (weapon)
 t - a +2 whip of electrocution
 x - a +2 rapier of speed
Missiles
 b - 36 poisoned darts (quivered)
 c - 3 curare-tipped darts
 f - 135 stones
Jewellery
 o - a ring of resist corrosion (left tentacle)
 p - a +6 ring of intelligence (right tentacle)
 z - a ring of willpower (on tentacle)
 C - a +6 ring of intelligence (on tentacle)
 D - a +6 ring of intelligence (on tentacle)
Wands
 l - a wand of mindburst (14)
 n - a wand of paralysis (9)
 v - a wand of flame (10)
Scrolls
 e - 2 scrolls of noise
 i - 3 scrolls of holy word
 s - 3 scrolls of enchant weapon
 u - a scroll of teleportation {unknown}
 w - a scroll of fog {unknown}
 y - a scroll of enchant armour
 B - a scroll of torment {unknown}
Potions
 g - 2 potions of berserk rage {unknown}
 h - a potion of heal wounds
 j - a potion of attraction {unknown}
 k - 5 potions of curing
 m - 2 potions of brilliance {unknown}
 q - a potion of might {unknown}
 r - 2 potions of lignification {unknown}
 A - a potion of degeneration {unknown}


   Skills:
 - Level 5.0 Fighting
 + Level 10.8 Short Blades
 + Level 4.8 Throwing
 - Level 5.0 Dodging
 - Level 5.3 Stealth
 + Level 0.0 Evocations


You had 6 spell levels left.
You knew the following spells:

 Your Spells              Type           Power      Damage    Failure   Level
a - Blink                 Tloc           N/A        N/A       14%         2

Your spell library contained the following spells:

 Spells                   Type           Power      Damage    Failure   Level
 Animate Skeleton         Necr           0%         N/A       9%          1
 Apportation              Tloc           0%         N/A       9%          1
 Corona                   Hex            0%         N/A       9%          1
 Freeze                   Ice            0%         1d3       9%          1
 Summon Small Mammal      Summ           0%         N/A       9%          1
 Ensorcelled Hibernation  Hex/Ice        0%         N/A       14%         2
 Frozen Ramparts          Ice            0%         1d2       26%         3
 Lesser Beckoning         Tloc           0%         N/A       26%         3
 Spider Form              Tmut/Pois      0%         N/A       26%         3
 Hailstorm                Conj/Ice       0%         3d3       65%         4
 Summon Ice Beast         Ice/Summ       0%         N/A       65%         4
 Manifold Assault         Tloc           0%         N/A       94%         5
 Summon Mana Viper        Hex/Summ       0%         N/A       94%         5
 Shadow Creatures         Summ           N/A        N/A       100%        6
 Monstrous Menagerie      Summ           0%         N/A       100%        7


Dungeon Overview and Level Annotations

Branches:
Dungeon (7/15)             Temple (0/1) D:7

Altars:
Gozag
Nemelex Xobeh
Okawaru
Uskayaw
Xom
Zin
Beogh

Shops:
D:4 [=:![


Innate Abilities, Weirdness & Mutations

You cannot wear most types of armour.
You are amphibious.
You can wear up to eight rings at the same time.
Your skin changes colour to match your surroundings (Stealth+).
Your rubbery body absorbs attacks. (AC +1, EV +1)
((You are camouflaged near water. (Stealth+)))
You have tentacles for arms and can constrict up to eight enemies at once.


Message History

You squeeze the white ugly thing!
The white ugly thing is moderately wounded.
The white ugly thing trunk-slaps you but does no damage.
You barely miss the white ugly thing. You grab the white ugly thing.
The white ugly thing is moderately wounded.
You constrict the white ugly thing. You hit the white ugly thing.
You squeeze the white ugly thing.
The white ugly thing is moderately wounded.
You constrict the white ugly thing, but do no damage.
The white ugly thing trunk-slaps you. The white ugly thing freezes you!
You hit the white ugly thing but do no damage.
You squeeze the white ugly thing, but do no damage.
The white ugly thing is moderately wounded.
You constrict the white ugly thing.
You hit the white ugly thing but do no damage.
The white ugly thing is moderately wounded.
You constrict the white ugly thing.
The white ugly thing closely misses you.
You barely miss the white ugly thing.
Your squeeze misses the white ugly thing.
The white ugly thing is heavily wounded.
You constrict the white ugly thing. You hit the white ugly thing.
The white ugly thing is heavily wounded.
You constrict the white ugly thing.
The white ugly thing closely misses you.
You hit the white ugly thing.
The white ugly thing is heavily wounded.
You constrict the white ugly thing.
The white ugly thing trunk-slaps you but does no damage.
You hit the white ugly thing but do no damage.
The white ugly thing is heavily wounded.
You constrict the white ugly thing, but do no damage.
You hit the white ugly thing but do no damage.
The white ugly thing is heavily wounded.
You constrict the white ugly thing. The white ugly thing trunk-slaps you!
The white ugly thing freezes you!!
Ouch! That really hurt!
You die...
Your body crumbles into a pile of gold.

#### .....# .... ......#
...#.# .... .......
#.#..# #..# ...>..#
.>...# #..##......#
#.#...# #... ....... $
...#..# #..# ....#
......#######..##u../#.#
....#.#.........@......#
##.........##.#####...##
# ##.#.#...#?# .# .
#..#.#$.# ## #.#..$#.#
## #.......#
...#######.#######
..#.......##.....
..............?..


You could see a white ugly thing.

Vanquished Creatures
  Pikel (D:4)
  Prince Ribbit (D:5)
  Eustachio (D:5)
  A steam dragon (D:6)
  Menkaure (D:4)
  2 water moccasins
  2 sky beasts (D:6)
  2 black bears
  2 necrophages
  2 ogres
  A centaur (D:7)
  A kobold brigand (D:6)
  4 lemures
  Blork the orc (D:5)
  A wyvern zombie (D:5)
  2 scorpions
  5 killer bees (D:7)
  2 bullfrog zombies (D:6)
  2 centaur zombies
  A jelly (D:4)
  3 hounds
  Crazy Yiuf (D:4)
  2 iguanas
  A killer bee zombie (D:5)
  A hound zombie (D:5)
  2 hound skeletons
  A howler monkey zombie (D:5)
  8 adders
  An adder skeleton (D:5)
  2 dart slugs (D:1)
  9 orcs
  8 endoplasms
  2 giant cockroaches
  3 goblins
  8 hobgoblins
  8 jackals (D:1)
  10 kobolds
  A quokka (D:4)
  11 ball pythons
  5 bats
  3 frilled lizards
  4 rats
129 creatures vanquished.

Notes
Turn   | Place    | Note
-------+----------+-------------------------------------------
     0 | D:1      | Delamore the Octopode Brigand began the quest for the Orb.
     0 | D:1      | Reached XP level 1. HP: 14/14 MP: 1/1
    26 | D:1      | Reached XP level 2. HP: 9/19 MP: 2/2
   461 | D:1      | Reached skill level 3 in Short Blades
   570 | D:1      | Reached XP level 3. HP: 22/24 MP: 3/3
   647 | D:1      | Found a faded altar of an unknown god.
  1850 | D:2      | Reached skill level 4 in Short Blades
  2142 | D:3      | Reached XP level 4. HP: 27/29 MP: 4/4
  3313 | D:4      | Found Ronyly's Distillery.
  3320 | D:4      | Bought a potion of heal wounds for 55 gold pieces
  3320 | D:4      | Bought a potion of curing for 33 gold pieces
  3324 | D:4      | Noticed a lemure
  3326 | D:4      | Noticed a lemure
  3328 | D:4      | Reached skill level 5 in Short Blades
  3328 | D:4      | Noticed Pikel
  3328 | D:4      | Noticed a lemure
  3328 | D:4      | Noticed a lemure
  3349 | D:3      | Killed a lemure
  3558 | D:3      | Killed a lemure
  3667 | D:4      | Noticed an ogre
  3682 | D:4      | Killed an ogre
  3683 | D:4      | Reached XP level 5. HP: 34/34 MP: 5/5
  3741 | D:4      | Reached skill level 6 in Short Blades
  3741 | D:4      | Reached XP level 6. HP: 35/39 MP: 6/6
  3806 | D:4      | Found Hojyiff's Book Shop.
  4124 | D:4      | Killed Pikel
  4125 | D:4      | Reached skill level 8 in Short Blades
  4125 | D:4      | Reached XP level 7. HP: 45/45 MP: 7/7
  4131 | D:4      | Noticed Menkaure
  4288 | D:4      | Found Anonunty's Armour Emporium.
  4384 | D:4      | Found Suad Nonn's Jewellery Emporium.
  4432 | D:4      | Killed Menkaure
  4478 | D:4      | Found an opulent altar of Gozag.
  4478 | D:4      | Found a shimmering altar of Xom.
  4564 | D:4      | Found Usaxavap's Antique Armour Emporium.
  4628 | D:4      | Became a worshipper of Gozag Ym Sagoz the Greedy
  4689 | D:4      | Found a runed translucent door.
  4690 | D:4      | Noticed Crazy Yiuf
  4828 | D:4      | Killed Crazy Yiuf
  4904 | D:5      | Entered Level 5 of the Dungeon
  4914 | D:5      | Reached XP level 8. HP: 41/51 MP: 8/8
  5180 | D:5      | Reached skill level 9 in Short Blades
  5295 | D:5      | Noticed Blork the orc
  5313 | D:5      | Killed Blork the orc
  5720 | D:5      | Noticed Prince Ribbit
  5729 | D:5      | Killed Prince Ribbit
  5970 | D:5      | Found a glowing silver altar of Zin.
  6240 | D:5      | Noticed Eustachio
  6246 | D:5      | Killed Eustachio
  6247 | D:5      | Reached skill level 10 in Short Blades
  6247 | D:5      | Reached XP level 9. HP: 59/59 MP: 9/9
  6650 | D:6      | Reached skill level 5 in Fighting
  6668 | D:6      | Reached skill level 5 in Dodging
  6865 | D:6      | Found a sparkling altar of Nemelex Xobeh.
  7141 | D:6      | Found an iron altar of Okawaru.
  7147 | D:6      | Found a hide-covered altar of Uskayaw.
  7782 | D:7      | Found a staircase to the Ecumenical Temple.
  7827 | D:7      | Learned a level 2 spell: Blink
  7945 | D:7      | Noticed a white ugly thing
  7956 | D:7      | Mangled by a white ugly thing

Illustrated notes

Levels and vault maps discovered:
D:1:      minmay_arrival_glassed_features, layout_basic,
          hellmonk_ecumenical_altar_defaced_shrine
D:2:      layout_basic
D:3:      layout_basic, minmay_starry_boxes
D:4:      layout_cave_pools, amethyst_overflow_temple_binary, serial_shops,
          nicolae_stop_n_shop_1, nicolae_shop_competitors_out_of_business,
          nicolae_shop_behind_doors, nicolae_shop_waterfront,
          nicolae_shop_waterfront, uniq_pikel, uniq_menkaure,
          uniq_crazy_yiuf_cottage
D:5:      layout_basic, zin_statuary, uniq_prince_ribbit1, uniq_eustachio,
          uniq_blork_the_orc
D:6:      layout_loops_ring, nemelex_xobeh_ov_fountains_minmay,
          nicolae_overflow_hidden_temple, grunt_ministairs_2
D:7:      layout_loops_cross, minmay_temple_entry_crystal_x, sigmund_army

Skill      XL: |  1  2  3  4  5  6  7  8  9 |
---------------+----------------------------+-----
Short Blades   | 3 4 5 6 8 10 | 10.8
Dodging        | 2 4 5 |  5.0
Fighting       | 4 5 |  5.0
Throwing       | 4 |  4.8
Stealth        | |  5.3

Action                   |  1- 3 |  4- 6 |  7- 9 || total
-------------------------+-------+-------+-------++-------
Melee: Dagger            |    34 |       |       ||    34
       Constrict         |    19 |    15 |    35 ||    69
       Tentacles         |    14 |    16 |    66 ||    96
       Short sword       |    50 |    82 |   253 ||   385
Throw: Dart              |       |    16 |    16 ||    32
       Stone             |       |     6 |       ||     6
Evoke: Wand              |       |     3 |       ||     3
  Use: Scroll            |       |     2 |     2 ||     4
       Potion            |       |     2 |       ||     2
 Stab: Sleeping          |    10 |     6 |    12 ||    28
       Paralysed         |       |     2 |       ||     2
       Distracted        |       |       |     1 ||     1
Armor: Skin              |    14 |    11 |    43 ||    68
Dodge: Dodged            |    51 |    32 |   112 ||   195
